 Dungeon Crawl Stone Soup version 0.31-a0-180-g519b7de00c (webtiles) character file.

Game seed: 14734229673679460436

225984 pokeman the Sorcerer (level 18, -1/103 HPs)
             Began as a Deep Elf Hedge Wizard on June 19, 2023.
             Was the Champion of Vehumet.
             Killed from afar by a shock serpent (11 damage)
             ... with an electric aura
             ... on level 1 of the Snake Pit.
             The game lasted 01:54:43 (48739 turns).

pokeman the Sorcerer (Deep Elf Hedge Wizard)       Turns: 48739, Time: 01:54:44

Health: -1/103     AC: 15    Str: 10    XL:     18   Next: 63%
Magic:  40/59      EV: 12    Int: 28    God:    Vehumet [******]
Gold:   2536       SH: 13    Dex: 17    Spells: 15/69 levels left

rFire   . . .        n - staff of conjuration
rCold   + . .        R - +2 buckler {rPois}
rNeg    . . .        K - +0 acid dragon scales
rPois   +            y - +0 helmet
rElec   .            U - scarf {repulsion}
rCorr   +            a - +2 pair of gloves {Dex+3}
SInv    .            m - +1 pair of boots
Will    +....        r - amulet "Orhu" {Reflect rC+ Str+3 SH+5}
Stlth   ++           H - ring of wizardry
HPRegen 0.37/turn    A - ring of magical power
MPRegen 0.36/turn

%: repel missiles, reflection, wizardry (x1)
@: on blink cooldown, studying Polearms
A: no striking features
}: 1/15 runes: barnacled
a: Renounce Religion


You were on level 1 of the Snake Pit.
You worshipped Vehumet.
Vehumet was exalted by your worship.
You visited 7 branches of the dungeon, and saw 30 of its levels.
You also visited: Ice Cave and Desolation.

You collected 3866 gold pieces.
You spent 1330 gold pieces at shops.

Inventory:

Hand Weapons
 s - the +6 arbalest "Damnation" {damnation}
   (You found it on level 4 of the Shoals)
 B - the +5 flail "Goblinslayer" {flame, rF+ Dex+6}
   (You found it on level 1 of the Shoals)

   Dex:       It affects your dexterity (+6).
   rF:        It protects you from fire.
Missiles
 F - 6 curare-tipped darts
Armour
 a - a +2 pair of gloves of dexterity (worn)
 m - a +1 pair of boots (worn)
 y - a +0 helmet (worn)
 K - +0 acid dragon scales (worn)
 L - a +3 leather armour of fire resistance
 R - a +2 buckler of poison resistance (worn)
 U - a scarf of repulsion (worn)
Magical Staves
 n - a staff of conjuration (weapon)
 u - a staff of earth
 z - a staff of air
Jewellery
 r - the amulet "Orhu" (around neck) {Reflect rC+ Str+3 SH+5}
   (You bought it in a shop on level 2 of the Orcish Mines)

   [amulet of reflection]

   It reflects blocked missile attacks.
   Str:       It affects your strength (+3).
   rC:        It protects you from cold.
   SH:        It affects your SH (+5).
 A - a ring of magical power (right hand)
 C - a ring of see invisible
 H - a ring of wizardry (left hand)
 I - a ring of flight
Wands
 G - a wand of polymorph (23)
 M - a wand of digging (3)
Scrolls
 h - 5 scrolls of revelation
 p - 21 scrolls of teleportation
 q - 3 scrolls of blinking
 P - 2 scrolls of identify
Potions
 e - 5 potions of heal wounds
 f - 7 potions of haste
 w - 8 potions of curing
Miscellaneous
 c - a lightning rod (4/4)
 k - a phial of floods
 O - a piece from Xom's chessboard (15/15)
 W - a box of beasts
 X - a phantom mirror


   Skills:
 + Level 8.0 Fighting
 - Level 8.0 Armour
 - Level 3.1 Dodging
 - Level 3.2 Stealth
 - Level 6.0 Shields
 * Level 26.3 Spellcasting
 + Level 17.0 Conjurations
 - Level 6.0 Summonings
 - Level 1.1 Translocations
 + Level 15.0 Fire Magic
 - Level 1.0 Ice Magic
 - Level 1.0 Air Magic
 - Level 10.3 Earth Magic
 - Level 1.1 Poison Magic
 - Level 1.1 Evocations


You had 15 spell levels left.
You knew the following spells:

 Your Spells              Type           Power      Damage    Failure   Level
a - Magic Dart            Conj           100%       1d8       0%          1
b - Mephitic Cloud        Conj/Pois/Air  83%        N/A       1%          3
c - Call Imp              Summ           100%       N/A       1%          2
d - Blink                 Tloc           86%        N/A       1%          2
e - Foxfire               Conj/Fire      100%       2x1d9     0%          1
f - Fireball              Conj/Fire      56%        3d22      1%          5
g - Starburst             Conj/Fire      56%        6d15      1%          6
h - Plasma Beam           Fire/Air       34%        2x1d47    1%          6
i - Lee's Rapid Deconstr  Erth           38%        3d19*     1%          5
j - Leda's Unmaking       Conj/Erth      53%        9d9       1%          6
k - Lehudib's Crystal Sp  Conj/Erth      53%        10d13     4%          8
l - Fire Storm            Conj/Fire      56%        8d14      22%         9

Your spell library contained the following spells:

 Spells                   Type           Power      Damage    Failure   Level
 Shatter                  Erth           38%        3d30*     85%         9
 Chain Lightning          Conj/Air       46%        3d61      95%         9
 Flame Wave               Conj/Fire      100%       2d21      0%          4
 Apportation              Tloc           86%        N/A       1%          1
 Freeze                   Ice            100%       1d10      1%          1
 Necrotise                Necr           100%       1d9       1%          1
 Shock                    Conj/Air       100%       1d9       1%          1
 Slow                     Hex            100%       N/A       1%          1
 Sting                    Tmut/Pois      100%       1d8       1%          1
 Cigotuvi's Dreadful Rot  Necr/Pois/Air  82%        N/A       1%          2
 Ensorcelled Hibernation  Hex/Ice        78%        N/A       1%          2
 Sublimation of Blood     Necr           36%        N/A       1%          2
 Wereblood                Tmut           36%        N/A       1%          2
 Confusing Touch          Hex            36%        N/A       1%          3
 Frozen Ramparts          Ice            84%        1d13      1%          3
 Inner Flame              Hex/Fire       68%        N/A       1%          3
 Portal Projectile        Hex/Tloc       80%        N/A       1%          3
 Spider Form              Tmut/Pois      40%        N/A       1%          3
 Summon Guardian Golem    Hex/Summ       52%        N/A       1%          3
 Tukima's Dance           Hex            36%        N/A       1%          3
 Vampiric Draining        Necr           36%        2d8       1%          3
 Fulminant Prism          Conj/Hex       45%        3d21      1%          4
 Iskenderun's Mystic Bla  Conj/Tloc      93%        2d18      1%          4
 Leda's Liquefaction      Hex/Erth       30%        N/A       1%          4
 Ice Form                 Ice/Tmut       39%        N/A       4%          4
 Manifold Assault         Tloc           43%        N/A       4%          4
 Yara's Violent Unravell  Hex/Tmut       18%        3d9       4%          5
 Anguish                  Hex/Necr       18%        N/A       6%          4
 Statue Form              Tmut/Erth      40%        N/A       12%         6
 Alistair's Intoxication  Tmut/Pois      26%        N/A       13%         5
 Agony                    Necr           36%        N/A       16%         5
 Blade Hands              Tmut           18%        N/A       16%         5
 Summon Hydra             Summ           31%        N/A       38%         7
 Dispersal                Tloc           21%        N/A       50%         6
 Storm Form               Tmut/Air       19%        N/A       98%         7
 Dragon Form              Tmut           18%        N/A       99%         7
 Enfeeble                 Hex            18%        N/A       99%         7
 Maxwell's Capacitive Co  Air            21%        ∞         99%         8
 Disjunction              Tloc           21%        N/A       100%        8
 Dragon's Call            Summ           31%        N/A       100%        9


Dungeon Overview and Level Annotations

Branches:
Dungeon (15/15)            Temple (1/1) D:6            Lair (5/5) D:10
 Shoals (4/4) Lair:3        Snake (1/4) Lair:3        Slime (0/5) Lair:4
    Orc (2/2) D:10            Elf (2/3) Orc:2        Vaults (0/5) D:14
 Depths (0/4) D:15          IceCv (visited)         Desolation (visited)

Altars:
Ashenzari
Cheibriados
Dithmenos
Elyvilon
Fedhas
Gozag
Hepliaklqana
Kikubaaqudgha
Makhleb
Nemelex Xobeh
Okawaru
Qazlal
Ru
Sif Muna
Trog
Uskayaw
Vehumet
Wu Jian
Xom
Yredelemnul
Zin
Lugonu

Shops:
D:6 *   Orc:2 =(**   Elf:2 [

Portals:
Abyss: Lair:5
Pandemonium: Orc:2

Annotations:
Snake:1 Agnes, Asterion
Elf:2 5 runed translucent doors


Message History

A naga comes into view. It is wielding a +0 war axe.
The naga mage spits poison at you.
The splash of poison is repelled.
Unknown command.
Unknown command.
You feel much better.
The shock serpent shoots out a bolt of lightning at you!
The bolt of electricity hits you!
* * * LOW HITPOINT WARNING * * *
Unknown command.
The green death hits you!!
* * * LOW HITPOINT WARNING * * *
The green death hits you but does no damage.
You see here a +2 great mace of protection.
The shock serpent shoots out a bolt of lightning at you!
The bolt of electricity misses you.
The naga ritualist invokes the aid of its god against you.
You easily resist.
The naga warrior spits poison at you.
You block splash of poison... and reflect it back!
The splash of poison hits the naga warrior.
Casting: Starburst (safe; 1% risk of failure)
Confirm with . or Enter, or press ? or * to list all spells.
You blink.
You feel yourself speed up.
The naga ritualist mumbles some strange prayers to its god against you.
You easily resist.
You block the shock serpent's attack. The naga ritualist spits poison at you.
The splash of poison is repelled.
Casting: Blink (safe; 1% risk of failure)
Confirm with . or Enter, or press ? or * to list all spells.
Aiming: Fireball (safe; 1% risk of failure)
Press: ? - help, Shift-Dir - straight line You feel a surge of power!
The fireball explodes!
The fireball engulfs the shock serpent!!
The shock serpent is heavily wounded.
The fireball engulfs the mana viper!!
The mana viper is severely wounded.
The shock serpent's electric aura discharges, shocking you!
You die...

.N.# ...... #|..#
...... .##.... N.....#
....).. #......##
>......####....S..##
...........N..# #..#
.......<.....####..#
#.......[......†...#
.......@..S........#
........S....)).N...
........2.#H........#
..........#.).N.....#
......#...iNNNN......
............#.........
....|......####N...
..........## N...
.......## ...


You could see Asterion, Agnes, a green death (summoned), a naga ritualist
(strong, catching breath), a shock serpent, a mana viper, a naga mage (strong,
curare) and a naga (strong, curare).

Vanquished Creatures
  Polyphemus (Shoals:4)
  3 krakens (Shoals:3)
  The ghost of Rudyous the Destroyer, an adept DsFE of Gozag (Shoals:2)
  Roxanne (Shoals:4)
  2 imperial myrmidons (Desolation)
  A frost giant (Shoals:4)
  Louise (Shoals:4)
  A deep elf demonologist (Elf:2)
  A deep elf annihilator (Elf:1)
  A halazid warlock (Desolation)
  The ghost of Takou the Cleaver, a journeyman AtFi of Makhleb (Lair:2)
  The ghost of MrSquiggles the Impaler, a journeyman MiFi of Okawaru (Lair:5)
  A deep elf death mage (Elf:1)
  4 merfolk impalers (Shoals:4)
  2 merfolk javelineers
  Josephine (D:13)
  11 ragged hierophants (Desolation)
  Fannar (D:12)
  An ice dragon (IceCv)
  4 vault guards (D:14)
  5 hydras
  8 servants of whispers (Desolation)
  2 catoblepae
  3 demonspawn (Orc:2)
  8 peacekeepers (Desolation)
  2 anacondas (Snake:1)
  2 two-headed ogres
  5 centaur warriors
  17 dancing weapons
  6 boulder beetles
  5 tengu warriors
  10 merfolk aquamancers
  2 satyrs
  3 thrashing horrors (Lair:5)
  4 death yaks
  A spriggan berserker (Lair:2)
  Nergalle (D:10)
  5 orc high priests (Orc:2)
  8 deep elf knights
  Amaemon (D:10)
  The ghost of oldplebian the Cleaver, a novice MiBe of Trog (D:7)
  2 skysharks
  A soul eater (Orc:2)
  A sixfirhy (Orc:2)
  A glowing orange brain (shapeshifter) (Lair:5)
  4 orange crystal statues (D:8)
  10 sea snakes
  12 deep elf archers
  15 harpies
  28 deep elf pyromancers
  21 deep elf zephyrmancers
  A necromancer (D:15)
  7 orc knights
  A wizard (D:15)
  15 ugly things
  7 ironbound convokers (Desolation)
  9 orc sorcerers
  A centaur zombie (D:15)
  A moth of wrath (Lair:2)
  12 fauns
  5 cyclopes
  A large abomination (Lair:5)
  12 manticores
  Maurice (Orc:1)
  A salamander (Snake:1)
  13 merfolk sirens
  4 guardian serpents (Desolation)
  2 ice statues (IceCv)
  11 black mambas
  A torpor snail (Lair:5)
  4 elephants (Lair:5)
  A molten gargoyle (Desolation)
  5 water nymphs
  An orange demon (D:10)
  7 cane toads
  2 gargoyles
  An unseen horror (D:13)
  3 naga magi
  2 centaur skeletons (D:15)
  12 komodo dragons
  3 smoke demons (Lair:5)
  A spectral water nymph (Shoals:2)
  A yaktaur (shapeshifter) (D:14)
  6 rime drakes
  An ancient zyme (Lair:5)
  A spectral merfolk (Shoals:2)
  2 tengu conjurers (D:13)
  A queen bee (shapeshifter) (Lair:5)
  2 freezing wraiths
  A red devil (Orc:2)
  A wolf spider simulacrum (D:14)
  12 meliai
  18 merfolk
  7 wind drakes
  73 saltlings (Desolation)
  2 hornets
  9 trolls
  9 snapping turtles
  A troll (shapeshifter) (Elf:1)
  9 blink frogs
  A spectral manticore (Shoals:2)
  9 dream sheep
  4 slime creatures (D:14)
  Sigmund (D:2)
  A centaur simulacrum (D:14)
  5 spriggans
  4 shadows
  2 vampires
  20 water elementals
  6 wraiths
  5 wyverns
  2 ynoxinuls
  2 air elementals
  2 fire elementals (Elf:2)
  Grum (D:7)
  10 basilisks
  A sea snake simulacrum (Shoals:2)
  24 yaks
  5 vampire mosquitoes
  2 steam dragons
  2 chaos spawn (Lair:5)
  5 wargs
  Menkaure (D:4)
  A two-headed ogre zombie (D:10)
  6 nagas
  7 small abominations (Lair:5)
  An acid dragon (D:9)
  13 water moccasins
  A spectral snapping turtle (Shoals:2)
  3 ice beasts
  A meliai simulacrum (D:14)
  3 sky beasts
  3 black bears
  A hornet zombie (D:15)
  34 orc warriors
  6 ogres
  3 centaurs
  3 wolves (D:7)
  4 phantoms
  The ghost of FuzzyBarbErik the Shield-Bearer, an amateur GrFi of Okawaru (D:4)
  5 kobold brigands
  2 earth elementals
  11 bullfrogs
  7 gnoll sergeants
  2 merfolk simulacra (Shoals:2)
  A scorpion (D:6)
  11 wights
  6 killer bees
  A manticore simulacrum (Shoals:2)
  3 lindwurm simulacra (IceCv)
  A snapping turtle simulacrum (Shoals:2)
  2 troll zombies (D:10)
  A crimson imp (D:5)
  4 howler monkeys
  5 komodo dragon simulacra (IceCv)
  3 hounds
  4 jellies
  25 orc priests
  A cyclops simulacrum (Shoals:2)
  2 gnoll boudas
  3 iguanas
  3 sleepcaps
  Natasha (thrice) (D:3)
  16 orc wizards
  A boggart skeleton (D:15)
  5 ogre zombies (D:10)
  7 acid dragon simulacra (IceCv)
  19 adders
  24 gnolls
  15 white imps
  6 steam dragon simulacra (IceCv)
  2 worms
  2 dart slugs
  92 orcs
  8 endoplasms
  11 hobgoblins
  3 jackals (D:1)
  19 kobolds
  4 ball pythons
  4 bats
  2 frilled lizards
  5 goblins
  2 goblin skeletons (D:10)
  2 goblin zombies (D:10)
  A hobgoblin skeleton (D:10)
  A hobgoblin zombie (D:10)
  2 orc skeletons (D:10)
  17 orc zombies (D:10)
  7 rats
  A spectral orc (D:12)
  9 tentacles (Shoals:3)
1136 creatures vanquished.

Vanquished Creatures (collateral kills)
  A killer bee (D:9)
  An orc wizard (D:7)
  An orc (D:3)
  A foxfire (D:9)
4 creatures vanquished.

Vanquished Creatures (others)
  A wizard (D:4)
  A black mamba (Snake:1)
  110 foxfires
  3 tentacles (Shoals:3)
115 creatures vanquished.

Grand Total: 1255 creatures vanquished

Notes
Turn   | Place    | Note
-------+----------+-------------------------------------------
     0 | D:1      | pokeman the Deep Elf Hedge Wizard began the quest for the
                  | Orb.
     0 | D:1      | Reached XP level 1. HP: 10/10 MP: 7/7
   251 | D:1      | Reached XP level 2. HP: 14/16 MP: 3/9
  1017 | D:1      | Reached skill level 5 in Spellcasting
  1211 | D:2      | Reached XP level 3. HP: 20/20 MP: 8/11
  1215 | D:2      | Learned a level 3 spell: Mephitic Cloud
  1215 | D:2      | Noticed Sigmund
  1351 | D:1      | Learned a level 2 spell: Call Imp
  1354 | D:1      | Learned a level 2 spell: Blink
  1380 | D:2      | Killed Sigmund
  1381 | D:2      | Reached skill level 5 in Conjurations
  1381 | D:2      | Reached XP level 4. HP: 11/24 MP: 1/13
  1381 | D:2      | Reached XP level 5. HP: 13/28 MP: 1/14
  1498 | D:2      | Found an opulent altar of Gozag.
  2119 | D:3      | Reached skill level 1 in Fighting
  2119 | D:3      | Reached skill level 1 in Armour
  2119 | D:3      | Noticed Natasha
  2123 | D:3      | Killed Natasha
  2124 | D:3      | Reached XP level 6. HP: 27/34 MP: 6/16
  2503 | D:3      | Reached skill level 6 in Spellcasting
  2570 | D:3      | Found a snail-covered altar of Cheibriados.
  2617 | D:3      | Noticed Natasha
  2623 | D:3      | Killed Natasha
  2930 | D:3      | Noticed Natasha
  2934 | D:3      | Killed Natasha
  3013 | D:4      | Found a sparkling altar of Nemelex Xobeh.
  3338 | D:4      | Reached XP level 7. HP: 38/38 MP: 8/19
  3385 | D:4      | Reached skill level 1 in Air Magic
  3385 | D:4      | Reached skill level 1 in Poison Magic
  3582 | D:4      | Reached skill level 7 in Spellcasting
  3877 | D:4      | Noticed Menkaure
  3884 | D:4      | Killed Menkaure
  3975 | D:4      | Found a runed translucent gate.
  3975 | D:4      | Found a runed translucent gate.
  3977 | D:4      | Found a runed translucent gate.
  3978 | D:4      | Noticed FuzzyBarbErik's ghost (amateur GrFi)
  3983 | D:4      | Identified the +8 mace of Wyrd {heavy, Str+4}
  3983 | D:4      | Identified the +1 chain mail of the World {Str+6}
  4068 | D:4      | Found a bloodstained altar of Trog.
  4069 | D:4      | Noticed a wizard
  4075 | D:4      | Killed a wizard
  4352 | D:5      | Entered Level 5 of the Dungeon
  4403 | D:5      | Found a radiant altar of Vehumet.
  4413 | D:5      | Found a burning altar of Makhleb.
  4418 | D:5      | Became a worshipper of Vehumet
  4601 | D:5      | Found a sacrificial altar of Ru.
  4625 | D:5      | Reached skill level 8 in Spellcasting
  4625 | D:5      | Reached XP level 8. HP: 44/44 MP: 12/22
  5398 | D:6      | Found Diuwoema's Mayhem Merchandise.
  5615 | D:6      | Found a staircase to the Ecumenical Temple.
  5633 | D:6      | Identified the +3 ring mail of the Marlin {Rampage *Corrode
                  | rF+ Regen+}
  5679 | D:6      | Found a hazy altar of Hepliaklqana.
  5706 | D:6      | Reached skill level 9 in Spellcasting
  5708 | D:6      | Reached * piety under Vehumet
  5708 | D:6      | Offered knowledge of Sandblast by Vehumet.
  6267 | D:6      | Reached skill level 1 in Evocations
  6310 | D:6      | Reached skill level 10 in Spellcasting
  6317 | D:6      | Reached XP level 9. HP: 48/48 MP: 15/25
  6602 | D:6      | Found a glowing silver altar of Zin.
  7316 | D:7      | Reached ** piety under Vehumet
  7417 | D:7      | Offered knowledge of Shock by Vehumet.
  7619 | D:7      | Reached skill level 11 in Spellcasting
  7619 | D:7      | Reached skill level 5 in Summonings
  7798 | D:7      | Found an ornate altar of the Wu Jian Council.
  7819 | D:7      | Identified the +1 spear "Keafan" {venom, rC+ Will+ Stlth+}
  7820 | D:7      | Found a transporter.
  7826 | D:7      | Noticed Grum
  7852 | D:7      | Noticed oldplebian's ghost (novice MiBe)
  7878 | D:7      | Found a transporter.
  8099 | D:7      | Found an iron altar of Okawaru.
  8440 | D:6      | Bought a book of Fire for 440 gold pieces
  8442 | D:6      | Learned a level 1 spell: Foxfire
  8448 | D:6      | Learned a level 5 spell: Fireball
  8463 | D:7      | Identified the ring "Qacac" {Will+ rCorr Dex+6 Stlth-}
  8514 | D:8      | Offered knowledge of Scorch by Vehumet.
  8563 | D:8      | Reached skill level 1 in Fire Magic
  8578 | D:8      | Reached *** piety under Vehumet
  8820 | D:8      | Noticed an orange crystal statue
  8824 | D:8      | Found a runed translucent door.
  8827 | D:8      | Found the +10 tower shield of Ignorance {rN+ Int-4}
  8840 | D:8      | Found a runed translucent door.
  9044 | D:8      | Reached skill level 12 in Spellcasting
  9051 | D:8      | Reached XP level 10. HP: 53/53 MP: 19/28
  9188 | D:8      | Learned a level 6 spell: Starburst
  9196 | D:8      | Learned a level 6 spell: Plasma Beam
  9491 | D:9      | Found a runed translucent door.
  9498 | D:9      | Noticed a catoblepas
  9609 | D:9      | Found a shimmering blue altar of Sif Muna.
  9644 | D:9      | Found an opulent altar of Gozag.
  9830 | D:9      | Offered knowledge of Fulminant Prism by Vehumet.
 10137 | D:10     | Entered Level 10 of the Dungeon
 10137 | D:10     | Noticed Amaemon
 10137 | D:10     | Noticed an orange demon
 10276 | D:10     | Found a hide-covered altar of Uskayaw.
 10295 | D:10     | Found a staircase to the Orcish Mines.
 10301 | D:10     | Reached **** piety under Vehumet
 10302 | D:10     | Offered knowledge of Iskenderun's Battlesphere by Vehumet.
 10577 | D:10     | Reached skill level 13 in Spellcasting
 11138 | D:10     | Noticed a gargoyle
 11140 | D:10     | Killed a gargoyle
 11394 | D:10     | Noticed a two-headed ogre
 11398 | D:10     | Killed a two-headed ogre
 11576 | D:10     | Killed Amaemon
 11577 | D:10     | Reached skill level 14 in Spellcasting
 11577 | D:10     | Reached XP level 11. HP: 61/61 MP: 17/31
 11779 | D:10     | Found a stormy altar of Qazlal.
 11992 | D:10     | Noticed Nergalle
 12002 | D:10     | Killed Nergalle
 12148 | D:10     | Found a staircase to the Lair.
 12295 | D:11     | Reached skill level 5 in Fire Magic
 13605 | D:12     | Noticed a boulder beetle
 13696 | D:12     | Killed a boulder beetle
 13829 | D:12     | Found a basalt altar of Yredelemnul.
 13899 | D:12     | Reached skill level 10 in Conjurations
 13968 | D:12     | Noticed a two-headed ogre
 13971 | D:12     | Killed a two-headed ogre
 13972 | D:12     | Reached skill level 15 in Spellcasting
 14142 | D:12     | Noticed a purple ugly thing
 14148 | D:12     | Killed a purple ugly thing
 14149 | D:12     | Reached skill level 5 in Fighting
 14510 | D:12     | Noticed Fannar
 14516 | D:12     | Killed Fannar
 15118 | D:4      | Reached ***** piety under Vehumet
 15118 | D:4      | Offered knowledge of Conjure Ball Lightning by Vehumet.
 15120 | D:4      | Killed FuzzyBarbErik's ghost
 15274 | D:7      | Killed Grum
 15476 | D:9      | Killed a catoblepas
 15477 | D:9      | Reached skill level 16 in Spellcasting
 15477 | D:9      | Reached XP level 12. HP: 67/68 MP: 34/34
 15665 | D:13     | Noticed Josephine
 15671 | D:13     | Killed Josephine
 15808 | D:13     | Reached skill level 5 in Armour
 16027 | D:13     | Noticed a centaur warrior
 16032 | D:13     | Killed a centaur warrior
 16890 | Temple   | Entered the Ecumenical Temple
 17100 | D:14     | Reached skill level 1 in Shields
 17239 | D:14     | Reached skill level 17 in Spellcasting
 17344 | D:14     | Identified the -2 hat "Tullow" {rC++}
 17344 | D:14     | Noticed a boulder beetle
 17361 | D:14     | Killed a boulder beetle
 17362 | D:14     | Noticed a boulder beetle
 17700 | D:14     | Noticed a centaur warrior
 17701 | D:14     | Noticed a tengu warrior
 17701 | D:14     | Noticed a tengu warrior
 17701 | D:14     | Noticed a seven-headed hydra
 17710 | D:14     | Killed a tengu warrior
 17711 | D:14     | Killed a seven-headed hydra
 17711 | D:14     | Killed a centaur warrior
 17712 | D:14     | Killed a tengu warrior
 17843 | D:14     | Noticed a centaur warrior
 17855 | D:14     | Killed a centaur warrior
 17860 | D:14     | Noticed a seven-headed hydra
 17864 | D:14     | Killed a seven-headed hydra
 17876 | D:14     | Reached XP level 13. HP: 5/72 MP: 3/36
 17990 | D:14     | Reached skill level 18 in Spellcasting
 18372 | D:14     | Found a gate to the Vaults.
 18733 | D:14     | Offered knowledge of Arcjolt by Vehumet.
 19450 | D:15     | Entered Level 15 of the Dungeon
 19947 | D:15     | Reached skill level 19 in Spellcasting
 20906 | D:15     | Reached skill level 10 in Fire Magic
 20973 | D:15     | Reached skill level 5 in Shields
 21124 | D:15     | Found a staircase to the Depths.
 21375 | D:15     | Reached XP level 14. HP: 78/78 MP: 35/39
 21774 | Lair:1   | Entered Level 1 of the Lair of Beasts
 22364 | Lair:1   | Found a white marble altar of Elyvilon.
 22494 | Lair:1   | Reached skill level 20 in Spellcasting
 22647 | Lair:1   | Identified the +2 robe "Lopuedghoily" {rElec rN+}
 22828 | Lair:2   | Found a frozen archway.
 22845 | IceCv    | Entered an ice cave
 22865 | IceCv    | Offered knowledge of Lee's Rapid Deconstruction by Vehumet.
 22872 | IceCv    | Learned a level 5 spell: Lee's Rapid Deconstruction
 23146 | IceCv    | Identified the staff "Veucib" {rCorr Int+6 Dex-5 Tmut
                  | Earth}
 23233 | IceCv    | Reached skill level 1 in Earth Magic
 23466 | Lair:2   | Found a bloodstained altar of Trog.
 23466 | Lair:2   | Noticed Takou's ghost (journeyman AtFi)
 23540 | Lair:2   | Found a transporter.
 23559 | Lair:2   | Found a transporter.
 24580 | Lair:3   | Found a staircase to the Shoals.
 24742 | Lair:3   | Identified the +0 mace of the Wilderness {heavy, Fly rF-
                  | rN+}
 24763 | Lair:3   | Found a staircase to the Snake Pit.
 24990 | Lair:3   | Offered knowledge of Eringya's Noxious Bog by Vehumet.
 25854 | Lair:4   | Found a staircase to the Slime Pits.
 26945 | Lair:5   | Entered Level 5 of the Lair of Beasts
 27675 | Lair:5   | Noticed MrSquiggles's ghost (journeyman MiFi)
 27680 | Lair:5   | Found a runed translucent door.
 27729 | Lair:5   | Reached skill level 21 in Spellcasting
 28708 | Lair:5   | Reached XP level 15. HP: 67/82 MP: 19/42
 28861 | Lair:5   | Found a one-way gate to the infinite horrors of the Abyss.
 28863 | Lair:5   | Found a corrupted altar of Lugonu.
 28880 | Lair:5   | Identified the staff of the Madman {rPois rF+ Poison}
 29173 | Lair:5   | Killed MrSquiggles's ghost
 29510 | Lair:2   | Killed Takou's ghost
 30009 | Orc:1    | Entered Level 1 of the Orcish Mines
 30027 | Orc:1    | Noticed Maurice
 30034 | Orc:1    | Killed Maurice
 30286 | Orc:1    | Found a radiant altar of Vehumet.
 30514 | Orc:2    | Entered Level 2 of the Orcish Mines
 30544 | Orc:2    | Offered knowledge of Leda's Unmaking by Vehumet.
 30561 | Orc:1    | Learned a level 6 spell: Leda's Unmaking
 30948 | Orc:2    | Reached skill level 5 in Earth Magic
 30999 | Orc:2    | Found a shimmering blue altar of Sif Muna.
 31072 | Orc:2    | Found a staircase to the Elven Halls.
 31151 | Orc:2    | Found Jeuweylu's General Store.
 31499 | Orc:2    | Found Lanis's General Store.
 31606 | Orc:2    | Bought a scroll of noise for 14 gold pieces
 31609 | Orc:2    | Bought a scroll of identify for 30 gold pieces
 31609 | Orc:2    | Bought a scroll of identify for 30 gold pieces
 31609 | Orc:2    | Bought a scroll of blinking for 112 gold pieces
 32227 | Orc:2    | Offered knowledge of Ozocubu's Refrigeration by Vehumet.
 32232 | Orc:2    | Reached skill level 22 in Spellcasting
 32682 | Orc:2    | Found Wet Foosto's Jewellery Shop.
 32682 | Orc:2    | Found Vughanili's Antique Weapon Boutique.
 32683 | Orc:2    | Found a one-way gate leading to the halls of Pandemonium.
 32719 | Orc:2    | Bought the amulet "Orhu" {Reflect rC+ Str+3 SH+5} for 704
                  | gold pieces
 32923 | Shoals:1 | Entered Level 1 of the Shoals
 33096 | Shoals:1 | Identified the +5 flail "Goblinslayer" {flame, rF+ Dex+6}
 33505 | Shoals:1 | Identified the +2 mace "Hyihouc" {freeze, Will+ Dex+4}
 34311 | D:7      | Killed oldplebian's ghost
 35472 | Shoals:2 | Found a runed translucent gate.
 35472 | Shoals:2 | Found a runed translucent gate.
 35472 | Shoals:2 | Found a runed translucent gate.
 35473 | Shoals:2 | Noticed Rudyous's ghost (adept DsFE)
 35549 | Shoals:2 | Reached skill level 1 in Ice Magic
 35579 | Shoals:2 | Reached XP level 16. HP: 90/90 MP: 29/44
 35819 | Shoals:2 | Offered knowledge of Lehudib's Crystal Spear by Vehumet.
 35854 | Shoals:1 | Learned a level 8 spell: Lehudib's Crystal Spear
 36604 | Shoals:3 | Noticed a kraken
 36615 | Shoals:3 | Killed a kraken
 36911 | Shoals:3 | Reached skill level 23 in Spellcasting
 37229 | Shoals:3 | Noticed a kraken
 37232 | Shoals:3 | Killed a kraken
 37233 | Shoals:3 | Reached skill level 15 in Conjurations
 37525 | Shoals:3 | Noticed a kraken
 37533 | Shoals:3 | Killed a kraken
 37864 | Shoals:4 | Entered Level 4 of the Shoals
 38111 | Shoals:4 | Noticed Polyphemus
 38133 | Shoals:4 | Killed Polyphemus
 38252 | Shoals:4 | Noticed Louise
 38256 | Shoals:4 | Killed Louise
 38558 | Shoals:4 | Found the +6 arbalest "Damnation" {damnation}
 38848 | Shoals:4 | Noticed Roxanne
 38852 | Shoals:4 | Killed Roxanne
 39015 | Shoals:4 | Reached skill level 24 in Spellcasting
 39222 | Shoals:4 | Reached XP level 17. HP: 78/96 MP: 25/47
 39599 | Shoals:4 | Got a barnacled rune of Zot
 40344 | Elf:1    | Entered Level 1 of the Elven Halls
 40728 | Elf:1    | Got the Thoughts on the Fifth Circle
 41614 | Elf:1    | Reached ****** piety under Vehumet
 41652 | Elf:1    | Offered knowledge of Fire Storm by Vehumet.
 41652 | Elf:1    | Offered knowledge of Shatter by Vehumet.
 41652 | Elf:1    | Offered knowledge of Chain Lightning by Vehumet.
 41714 | Elf:1    | Learned a level 9 spell: Fire Storm
 42107 | Elf:2    | Found Uwkaewy's Armour Boutique.
 42247 | Elf:2    | Found a crumbling gateway.
 42296 | Desolati | Entered the Desolation of Salt
 42318 | Desolati | Reached skill level 25 in Spellcasting
 42562 | Desolati | Identified the +1 leather armour of the Kraken {-Cast Dex+2
                  | Slay+4}
 42565 | Desolati | Identified the ring of Naphehel {rElec AC+4 Stlth+}
 42847 | Desolati | Got the Tome of the Chill
 42874 | Desolati | Reached skill level 10 in Earth Magic
 43016 | Desolati | Identified the ring of Hudizi {Will++ Str+6}
 43489 | Desolati | Reached XP level 18. HP: 101/101 MP: 35/49
 43815 | Desolati | Identified the +5 mace "Tiunlag" {freeze, Dex+2}
 44367 | Desolati | Identified the +9 mace of Breach {drain, Will+}
 44633 | Desolati | Got the Vademecum on the Unified Shift
 45185 | Elf:2    | Found a huge runed translucent gate.
 45185 | Elf:2    | Found a huge runed translucent gate.
 45185 | Elf:2    | Found a huge runed translucent gate.
 45185 | Elf:2    | Found a huge runed translucent gate.
 45189 | Elf:2    | Found a huge runed translucent gate.
 45342 | Elf:2    | Reached skill level 26 in Spellcasting
 46676 | Snake:1  | Entered Level 1 of the Snake Pit
 46686 | Snake:1  | Noticed Agnes
 46917 | Shoals:2 | Killed Rudyous's ghost
 46918 | Shoals:2 | Reached skill level 15 in Fire Magic
 48726 | Snake:1  | Noticed Asterion
 48739 | Snake:1  | Killed from afar by a shock serpent

Illustrated notes

Levels and vault maps discovered:
D:1:      ncdulo_watergridlock, layout_basic
D:2:      layout_loops_cross, basic_altar, uniq_sigmund
D:3:      wander_river, layout_basic, cheibriados_altar_1, uniq_natasha
D:4:      layout_loops_ring, nemelex_xobeh_ov_fountains_minmay, trog_wizard,
          biasface_ghost_orc_armoury, nicolae_the_louvre, uniq_menkaure
D:5:      layout_basic, grunt_temple_overflow_lords_of_destruction,
          mainiacjoe_overflow_brackets, minmay_misc_feat_doors
D:6:      minmay_chambers_of_fours, layout_loops_ring, pf_just_have_faith,
          mainiacjoe_overflow_small_starburst,
          minmay_temple_entry_statues_pillars, minmay_shop_mayhem
D:7:      layout_rooms, lemuel_round_altar, okawaru_altar_gauntlet_db,
          gammafunk_ghost_gnarly_gnolls
D:8:      layout_loops_ring, chequers_guarded_unrand_ignorance
D:9:      layout_long_grid, mainiacjoe_overflow_surrounded_room,
          grunt_gozag_statues, minmay_st_funbox, kennysheep_generic_room_12
D:10:     layout_layer_cave, kennysheep_little_box,
          nicolae_qazlal_style_of_elements, erik_lair_dragon, zombieorc2_lemuel,
          uniq_amaemon, uniq_nergalle
D:11:     layout_basic, serial_co_window_serial, co_window_paths_a,
          co_window_paths_b, co_window_cross_1, co_window_paths_b,
          co_window_cross_1, co_window_broadway_c, co_window_cross_4,
          co_window_paths_c, co_window_corner_cb, co_window_4corner_b,
          co_window_4corner_a, glass_columns_b, glass_columns_a,
          glass_columns_a, glass_columns_b, glass_columns_b
D:12:     layout_roguey, yredelemnul_forgotten_temple_becter, uniq_fannar
D:13:     layout_loops_ring, uniq_josephine
D:14:     layout_cave_pods, lightli_vaults_fourway_checkpoint,
          dk_noncrumbling_2, nicolae_elevator_lobby_asterisk
D:15:     grunt_enter_depths_magical_seal, layout_loops_corners,
          minmay_strange_pillars, eino_tiny_chamber
Temple:   hellmonk_temple_rainy
Lair:1:   layout_cave_pods, basic_altar, infiniplex_staircase_pool_2,
          serial_bayou_shore_b
Lair:2:   layout_gridlike, portal_ice_cave_entry_imps,
          gammafunk_ghost_wrathful_warriors, grunt_megastairs_5,
          serial_bayou_shore_b
Lair:3:   minmay_lair_venomous_thicket, layout_cave_pods,
          elwin_shoals_entry_stream, guppyfry_snake_entry_garden,
          nicolae_quartered_pool_impasse
Lair:4:   layout_long_grid, nicolae_slime_entry_slimehenge
Lair:5:   hellmonk_lair_end_abyssal_woods, layout_regular_city,
          hellmonk_ghost_happy_afterlife, serial_bayou_shore_a
Shoals:1: layout_shoals
Shoals:2: layout_shoals, gammafunk_ghost_necromancy
Shoals:3: layout_shoals, abandoned_shop
Shoals:4: shoals_end_grunt_ice, layout_shoals, uniq_polyphemus, uniq_roxanne,
          uniq_louise
Snake:1:  layout_cave_shapes, serial_bayou_pond_d, uniq_agnes, uniq_asterion
Orc:1:    layout_caves, basic_altar, mines2_david, uniq_maurice
Orc:2:    pf_orc_diabolical, layout_caves, special_room, basic_altar,
          kennysheep_orc_sif_temple
Elf:1:    eino_elf_arrival_customs, layout_geoelf_diagonals,
          minmay_elf_annihilation
Elf:2:    elven_hall_of_blades_hangedman_alternative
          [nicolae_blade_entry_antechamber], layout_gridlike, serial_aquarium,
          aquarium_bridge_square [aquarium_subvault_wall,
          aquarium_subvault_wall, aquarium_subvault_bridge,
          aquarium_subvault_bridge], aquarium_bridge_island_small
          [aquarium_subvault_small_water, aquarium_subvault_bridge,
          aquarium_subvault_wall, aquarium_subvault_wall,
          aquarium_subvault_wall], aquarium_window_corridor_1,
          aquarium_window_fake, aquarium_window_fake, aquarium_window_2,
          aquarium_view_2f, aquarium_view_2e, aquarium_pool_2,
          portal_desolation_entry_nicolae_slug, serial_shops, shop_statue,
          elves_outpost_lemuel

Skill      XL: |  1  2  3  4  5  6  7  8  9 10 11 12 13 14 15 16 17 18 |
---------------+-------------------------------------------------------+-----
Spellcasting   | 5 6 8 10 12 14 16 17 19 21 22 24 25 26 | 26.3
Conjurations   | 5 6 7 8 9 10 11 12 13 14 15 16 17 | 17.0
Fighting       | 1 2 4 5 6 7 8 |  8.0
Armour         | 1 2 4 5 6 7 8 |  8.0
Stealth        | 3 |  3.2
Dodging        | 3 |  3.1
Air Magic      | 1 |  1.0
Poison Magic   | 1 |  1.1
Summonings     | 2 4 5 6 |  6.0
Evocations     | 1 |  1.1
Fire Magic     | 1 4 6 8 10 11 12 13 14 15 | 15.0
Shields        | 3 5 6 |  6.0
Earth Magic    | 4 6 8 10 | 10.3
Ice Magic      | 1 |  1.0
Translocations | |  1.1

Action                     |  1- 3 |  4- 6 |  7- 9 | 10-12 | 13-15 | 16-18 || total
---------------------------+-------+-------+-------+-------+-------+-------++-------
  Melee: Dagger            |    20 |       |    77 |       |       |       ||    97
         Short sword       |       |     8 |    31 |    24 |       |       ||    63
         Punch             |       |       |     1 |       |       |       ||     1
         Demon whip        |       |       |       |    21 |     7 |       ||    28
         Staff             |       |       |       |       |    15 |     1 ||    16
   Cast: Magic Dart        |    58 |    88 |   335 |       |       |     5 ||   486
         Mephitic Cloud    |     2 |     4 |    34 |    25 |    10 |     2 ||    77
         Call Imp          |       |     2 |    10 |     1 |     1 |     1 ||    15
         Blink             |       |       |     2 |       |     2 |     3 ||     7
         Foxfire           |       |       |    38 |    27 |       |       ||    65
         Fireball          |       |       |       |   164 |   485 |   379 ||  1028
         Starburst         |       |       |       |    48 |    52 |    15 ||   115
         Plasma Beam       |       |       |       |     1 |    29 |     5 ||    35
         Leda's Unmaking   |       |       |       |       |    15 |    51 ||    66
         Lee's Rapid Decon |       |       |       |       |    10 |   105 ||   115
  Evoke: Wand              |       |       |       |       |     1 |       ||     1
    Use: Scroll            |       |       |       |    14 |     9 |     8 ||    31
         Potion            |       |       |       |       |       |     2 ||     2
   Stab: Sleeping          |     1 |       |       |       |       |       ||     1
         Confused          |     3 |     1 |    19 |     4 |     2 |       ||    29
 Armour: Robe              |     2 |     2 |    40 |       |       |       ||    44
         Acid dragon scale |       |       |       |    59 |    39 |    18 ||   116
  Dodge: Dodged            |    31 |    12 |   105 |    39 |    54 |    36 ||   277
         Repelled          |       |       |       |     1 |     4 |    11 ||    16
  Block: Other             |       |       |       |     4 |    11 |       ||    15
         Reflection        |       |       |       |       |     4 |    17 ||    21
         Buckler           |       |       |       |       |    39 |    48 ||    87

Table legend: (Time is in decaauts)
 A = Elapsed time spent in this place.
 B = Non-inter-level travel time spent in this place.
 C = Inter-level travel time spent in this place.
 D = Time resting spent in this place.
 E = Time spent auto-exploring this place.
 F = Levels seen in this place.
 G = Mean time per level.
                   A        B        C        D        E       F      G
               +--------+--------+--------+--------+--------+-----+--------+
         Total |  49182 |  43525 |   5657 |   5883 |  31812 |  32 | 1536.9 |
       Dungeon |  24308 |  20578 |   3730 |   2968 |  14755 |  15 | 1620.5 |
        Temple |    143 |    129 |     14 |      0 |      0 |   1 |  143.0 |
          Lair |   7806 |   6698 |   1108 |    590 |   5359 |   5 | 1561.2 |
        Shoals |   7719 |   7266 |    453 |    979 |   5528 |   4 | 1929.8 |
     Snake Pit |     34 |     34 |      0 |      0 |      0 |   1 |   34.0 |
  Orcish Mines |   2689 |   2549 |    140 |    560 |   1632 |   2 | 1344.5 |
   Elven Halls |   3462 |   3253 |    209 |    166 |   2718 |   2 | 1731.0 |
      Ice Cave |    539 |    539 |      0 |    201 |    145 |   1 |  539.0 |
    Desolation |   2479 |   2479 |      0 |    419 |   1673 |   1 | 2479.0 |
               +--------+--------+--------+--------+--------+-----+--------+

Top non-repeatable levels by time:
    D:10: 3152 daAuts
Desolation: 2479 daAuts
  Lair:5: 2427 daAuts
Shoals:4: 2375 daAuts
   Orc:2: 2146 daAuts
     D:6: 1926 daAuts
    D:15: 1924 daAuts
Shoals:1: 1891 daAuts
    D:14: 1890 daAuts
   Elf:1: 1870 daAuts
Shoals:3: 1802 daAuts
     D:9: 1791 daAuts
     D:7: 1740 daAuts
    D:13: 1691 daAuts
Shoals:2: 1651 daAuts
